 Dungeon Crawl Stone Soup version 0.31-a0-303-gdc8c9485ea (webtiles) character file.

Game seed: 16133236370317545327

1820 Gelion the Ruffian (level 8, -4/73 (79) HPs)
             Began as a Troll Shapeshifter on July 17, 2023.
             Slain by a wight
             ... wielding a +0 trident
              (6 damage)
             ... on level 5 of the Dungeon.
             The game lasted 00:09:22 (3798 turns).

Gelion the Ruffian (Troll Shapeshifter)             Turns: 3798, Time: 00:09:23

HP:   -4/73 (79)    AC:  4    Str: 24    XL:     8   Next: 85%
MP:   7/7           EV: 10    Int:  4    God:
Gold: 1225          SH:  0    Dex: 12    Spells: 7/7 levels left

rFire   . .          .
                       - Unarmed
rCold   + . .        (no shield)
rNeg    . . .        a - +0 animal skin
rPois   +            (helmet currently unavailable)
rElec   .            (cloak currently unavailable)
rCorr   .            (gloves unavailable)
SInv    .            (boots unavailable)
Will    .....        (no amulet)
Stlth   +            g - ring of poison resistance
HPRegen 1.12/turn    f - ring of protection from cold
MPRegen 0.10/turn

%: no passive effects
@: beast-form, drained
A: beast (slay +4), large, unfitting armour, claws 3, regeneration 1, shaggy fur
1, tough skin 1
a: Begin Untransformation


You were on level 5 of the Dungeon.
You were a hulking beast.
You visited 1 branch of the dungeon, and saw 5 of its levels.
You also visited: Sewer.

You collected 1225 gold pieces.

Inventory:

Missiles
 o - 2 silver boomerangs
Armour
 a - a +0 animal skin (worn)
Jewellery
 f - a ring of protection from cold (right claw)
 g - a ring of poison resistance (left claw)
Talismans
 c - a beast talisman
Scrolls
 d - 2 scrolls of immolation
 i - a scroll of silence
 q - a scroll of enchant armour {unknown}
Potions
 b - 2 potions of lignification
 e - 3 potions of might
 h - 2 potions of ambrosia {unknown}
 j - a potion of enlightenment
 k - 4 potions of heal wounds
 l - a potion of cancellation {unknown}
 m - a potion of invisibility {unknown}
 n - a potion of magic
 p - 3 potions of haste


   Skills:
 + Level 4.5 Fighting
 - Level 1.5 Dodging
 * Level 7.5 Unarmed Combat
 * Level 6.8 Shapeshifting


You had 7 spell levels left.
You didn't know any spells.
Your spell library contained the following spells:

 Spells                   Type           Power      Damage    Failure   Level
 Slow                     Hex            0%         N/A       50%         1
 Confusing Touch          Hex            0%         N/A       86%         3
 Vampiric Draining        Necr           0%         2d6       86%         3
 Summon Forest            Summ/Tloc      0%         N/A       100%        5
 Eringya's Noxious Bog    Tmut/Pois      0%         4d6       100%        6
 Summon Hydra             Summ           0%         N/A       100%        7


Dungeon Overview and Level Annotations

Branches:
Dungeon (5/15)             Temple (0/1) D:4           Sewer (visited)

Altars:
Sif Muna
Uskayaw

Shops:
D:1 ?   D:5 [[

Annotations:
D:5 2 runed translucent doors


Innate Abilities, Weirdness & Mutations

You are a hulking beast.
Your limbs bulge with bestial killing power. (Slay +4)
You are too large for most types of armour.
You have claws for hands.
Your natural rate of healing is unusually fast.
You are covered in fur. (AC +1)
You have tough skin. (AC +1)


Message History

You are poisoned.
The scorpion poisons you!
You scratch the scorpion.
The scorpion is moderately wounded.
You feel very sick.
The wight hits you from afar with a +0 trident.
The wight hits you from afar with a +4 halberd!
The scorpion stings you but does no damage.
You barely miss the scorpion.
The scorpion is moderately wounded.
You feel sick.
The wight barely misses you. x2; The scorpion stings you.
You claw the scorpion!
The scorpion is severely wounded.
You feel sick. The wight barely misses you.
The wight hits you from afar with a +4 halberd!
The scorpion closely misses you.
You feel sick. The scorpion attacks as you move away! The scorpion stings you.
You feel sick.
You barely miss the scorpion.
The scorpion is severely wounded.
You feel sick.
The scorpion stings you but does no damage.
You claw the scorpion!
You kill the scorpion!
The wight closely misses you.
You feel sick. The wight barely misses you.
You feel sick.
You are no longer poisoned.
The wight misses you. The wight hits you with a +4 halberd!!
* * * LOW HITPOINT WARNING * * *
You feel drained.
* * * LOW HITPOINT WARNING * * *
There is an open door, spattered with blood here.
The wight attacks as you move away! The wight closely misses you.
You hear the hiss of an avalanche of sand nearby.
The wight hits you from afar with a +0 trident.
* * * LOW HITPOINT WARNING * * *
The wight closely misses you.
The wight hits you from afar with a +0 trident.
You die...

#### .# ## .... .# ..
#..# .# ###.# #..# .#
..... #..# #.## ......
#..# #..#
......####++####..##
........8#..#8.h...#
........'....z...#.#
...!....8####8z..#.###
###......?..)........#
####.....###.#.....#
#.....# #.#...<.#
#.....# #.#.....#
#.....###.#.....#
#....#....#.....#


You could see 2 wights.

Vanquished Creatures
  Pikel (D:4)
  Grinder (D:3)
  A water moccasin (D:5)
  2 black bears
  2 kobold brigands (Sewer)
  A bullfrog (D:4)
  4 scorpions
  2 wights (D:5)
  The ghost of ryw the Changeling, a weakling DgSh (D:3)
  2 hounds
  Terence (D:3)
  Jessica (D:3)
  A gnoll (D:4)
  9 adders
  An ufetubus (D:4)
  2 worms
  4 dart slugs
  11 orcs
  4 bats
  12 endoplasms
  8 giant cockroaches
  13 goblins
  6 hobgoblins
  5 jackals
  4 quokkas
  13 ball pythons
  6 frilled lizards
  24 kobolds
  10 rats
152 creatures vanquished.

Notes
Turn   | Place    | Note
-------+----------+-------------------------------------------
     0 | D:1      | Gelion the Troll Shapeshifter began the quest for the Orb.
     0 | D:1      | Reached XP level 1. HP: 19/19 MP: 0/0
    49 | D:1      | Found Fuarghan's Magic Scroll Shop.
   185 | D:1      | Reached XP level 2. HP: 28/28 MP: 1/1
   433 | D:1      | Noticed a great orb of eyes
   575 | D:1      | Noticed a shining eye
   578 | D:1      | Found a faded altar of an unknown god.
   579 | D:1      | Noticed an eye of devastation
   579 | D:1      | Noticed an eye of devastation
   775 | D:2      | Found a shimmering blue altar of Sif Muna.
   795 | D:2      | Reached XP level 3. HP: 35/35 MP: 2/2
  1052 | D:2      | Reached skill level 3 in Unarmed Combat
  1263 | D:2      | Reached XP level 4. HP: 42/42 MP: 3/3
  1581 | D:2      | Identified a scroll of acquirement
  1581 | D:2      | Acquired 1003 gold pieces
  1931 | D:3      | Noticed Terence
  1939 | D:3      | Killed Terence
  1940 | D:3      | Reached XP level 5. HP: 31/50 MP: 4/4
  1973 | D:3      | Noticed Grinder
  1975 | D:3      | Paralysed by Grinder for 3 turns
  1984 | D:3      | Killed Grinder
  1985 | D:3      | Reached skill level 4 in Unarmed Combat
  1985 | D:3      | Reached XP level 6. HP: 27/59 MP: 5/5
  2093 | D:3      | Noticed Jessica
  2099 | D:3      | Killed Jessica
  2208 | D:3      | Found a runed translucent door.
  2219 | D:3      | Noticed ryw's ghost (weakling DgSh)
  2314 | D:3      | Killed ryw's ghost
  2432 | D:4      | Reached skill level 5 in Unarmed Combat
  2432 | D:4      | Reached skill level 5 in Shapeshifting
  2432 | D:4      | Reached XP level 7. HP: 54/67 MP: 6/6
  2460 | D:4      | Found a glowing drain.
  2475 | Sewer    | Entered a sewer
  3064 | D:4      | Reached skill level 6 in Unarmed Combat
  3109 | D:4      | Found a staircase to the Ecumenical Temple.
  3174 | D:4      | Noticed Pikel
  3194 | D:4      | Killed Pikel
  3195 | D:4      | Reached XP level 8. HP: 42/78 MP: 7/7
  3443 | D:4      | Found a hide-covered altar of Uskayaw.
  3641 | D:5      | Entered Level 5 of the Dungeon
  3648 | D:5      | Found Bostroe's Antique Armour Boutique.
  3649 | D:5      | Found Udae's Antique Armour Emporium.
  3694 | D:5      | Reached skill level 7 in Unarmed Combat
  3731 | D:5      | Found a large runed translucent door.
  3735 | D:5      | Found a large runed translucent door.
  3796 | D:5      | HP: 1/73 [wight/+4 halberd (4)]
  3798 | D:5      | Slain by a wight

Illustrated notes

Levels and vault maps discovered:
D:1:      eino_arrival_water_star, layout_loops_corners, serial_shops, shop,
          hellmonk_ecumenical_altar_watching_god, minmay_misc_feat_rows
D:2:      layout_basic, basic_altar, fountainhead, grunt_ministairs_6
D:3:      layout_basic, ebering_ghost_sewer_d, grunt_decor_arrowhead,
          dreamdust_princess_bridge, minmay_cupped, uniq_terence, uniq_jessica,
          uniq_grinder
D:4:      kennysheep_the_goblin_king, layout_loops_ring,
          lemuel_coloured_pillars_altar, minmay_temple_entry_trees,
          portal_sewer_entry_a, minmay_vboxes, uniq_pikel
D:5:      layout_basic, jmf_multi_god_temple2, gup_ossuary_entry_pyramid,
          nicolae_wooded_promenade

Skill      XL: |  1  2  3  4  5  6  7  8 |
---------------+-------------------------+-----
Fighting       | 2 3 4 |  4.5
Unarmed Combat | 3 4 5 6 7 |  7.5
Shapeshifting  | 4 5 6 |  6.8
Dodging        | |  1.5

Action                     |  1- 3 |  4- 6 |  7- 9 || total
---------------------------+-------+-------+-------++-------
  Melee: Unarmed           |    93 |   103 |   151 ||   347
         Punch             |     1 |     1 |     3 ||     5
    Use: Scroll            |       |    11 |     3 ||    14
   Stab: Sleeping          |     2 |     1 |       ||     3
         Distracted        |       |     1 |       ||     1
 Armour: Animal skin       |    25 |    23 |    42 ||    90
  Dodge: Dodged            |    40 |    53 |    82 ||   175

Table legend: (Time is in decaauts)
 A = Elapsed time spent in this place.
 B = Non-inter-level travel time spent in this place.
 C = Inter-level travel time spent in this place.
 D = Time resting spent in this place.
 E = Time spent auto-exploring this place.
 F = Levels seen in this place.
 G = Mean time per level.
                   A        B        C        D        E       F      G
               +--------+--------+--------+--------+--------+-----+--------+
         Total |   3766 |   3627 |    139 |    117 |   2684 |   6 |  627.7 |
       Dungeon |   3411 |   3272 |    139 |     17 |   2526 |   5 |  682.2 |
         Sewer |    355 |    355 |      0 |    100 |    158 |   1 |  355.0 |
               +--------+--------+--------+--------+--------+-----+--------+

Top non-repeatable levels by time:
     D:4: 886 daAuts
     D:2: 827 daAuts
     D:1: 773 daAuts
     D:3: 771 daAuts
   Sewer: 355 daAuts
     D:5: 152 daAuts
